 Dungeon Crawl Stone Soup version 0.27.1 (webtiles) character file.

Game seed: 17749991113909425365

233 Atelerd the Digger (level 6, 0/36 HPs)
             Began as an Octopode Earth Elementalist on Sept 1, 2021.
             Killed from afar by an orc (9 damage)
             ... with a puff of flame
             ... on level 4 of the Dungeon.
             The game lasted 00:06:54 (5610 turns).

Atelerd the Digger (Octopode Earth Elementalist)    Turns: 5610, Time: 00:06:54

Health: 0/36       AC:  1    Str:  8    XL:     6   Next: 4%
Magic:  9/11       EV: 13    Int: 19    God:
Gold:   169        SH:  0    Dex: 12    Spells: 5/12 levels left

rFire    . . .     SeeInvis .   d - +0 dagger
rCold    . . .     Faith    .   (no shield)
rNeg     . . .     Spirit   .   (helmet restricted)
rPois    .         Reflect  .   (no amulet)
rElec    .         Harm     .   (no ring)
rCorr    .         Rampage  .   (no ring)
Will     .....                  (no ring)
Stlth    +++.......             (no ring)
HPRegen  0.12/turn              (no ring)
MPRegen  0.12/turn              (no ring)
                                (no ring)
                                (no ring)

@: no status effects
A: almost no armour, amphibious, 8 rings, camouflage 1, gelatinous body 1,
(nimble swimmer 1), tentacles
a: no special abilities


You were on level 4 of the Dungeon.
You visited 1 branch of the dungeon, and saw 4 of its levels.

You collected 169 gold pieces.

Inventory:

Hand Weapons
 d - a +0 dagger (weapon)
Missiles
 b - 29 stones
Jewellery
 c - a ring of fire
Scrolls
 f - a scroll of blinking {unknown}
 g - a scroll of holy word {unknown}
 j - 3 scrolls of torment {unknown}
 k - a scroll of magic mapping {unknown}
Potions
 a - a potion of haste {unknown}
 e - a potion of curing
 h - a potion of attraction {unknown}
 i - a potion of mutation {unknown}
 l - a potion of brilliance {unknown}
 m - a potion of experience {unknown}


   Skills:
 - Level 2.0 Dodging
 - Level 2.6 Stealth
 + Level 3.5 Spellcasting
 + Level 3.3 Transmutations
 + Level 4.4 Earth Magic


You had 5 spell levels left.
You knew the following spells:

 Your Spells              Type           Power      Damage    Failure   Level
a - Sandblast             Erth           40%        2d10      2%          1
c - Blink                 Tloc           N/A        N/A       22%         2
p - Petrify               Tmut/Erth      18%        N/A       28%         4

Your spell library contained the following spells:

 Spells                   Type           Power      Damage    Failure   Level
 Passwall                 Tmut/Erth      15%        N/A       4%          2
 Stone Arrow              Conj/Erth      22%        3d8       17%         3
 Manifold Assault         Tloc           3%         N/A       99%         5
 Storm Form               Tmut/Air       4%         N/A       100%        7


Dungeon Overview and Level Annotations

Branches:
Dungeon (4/15)
 Temple: D:4-7

Altars:
Dithmenos
Fedhas
Kikubaaqudgha
Vehumet
Wu Jian

Shops:
D:3 (

Annotations:
D:1 exclusion: 2 downstairs


Innate Abilities, Weirdness & Mutations

You cannot wear most types of armour.
You are amphibious.
You can wear up to eight rings at the same time.
Your skin changes colour to match your surroundings (Stealth+).
Your rubbery body absorbs attacks. (AC +1, EV +1)
((You are camouflaged near water. (Stealth+)))
You have tentacles for arms and can constrict up to eight enemies at once.


Message History

Aim: a phantom (73% to hit)
The blast of sand misses the phantom.
The orc misses you. The phantom hits you!
* * * LOW HITPOINT WARNING * * *
The phantom blinks!
You blink.
A scorpion comes into view.
Your magical contamination has completely faded away.
A dart slug comes into view.
Found a cloak.
You see here a +0 cloak.
Found an ancient bone altar of Kikubaaqudgha and a shadowy altar of Dithmenos.
Found a radiant altar of Vehumet.
Casting: Sandblast (safe; 2% risk of failure)
Confirm with . or Enter, or press ? or * to list all spells.
Okay, then.
Found 20 stones.
Found a blossoming altar of Fedhas.
Casting: Sandblast (safe; 2% risk of failure)
Confirm with . or Enter, or press ? or * to list all spells.
You blink.
The orc zaps a wand.
The puff of flame misses you.
There is a blossoming altar of Fedhas here.
The orc zaps a wand.
The puff of flame hits you!
* * * LOW HITPOINT WARNING * * *
The orc zaps a wand.
The puff of flame hits you!
* * * LOW HITPOINT WARNING * * *
It was a potion of curing.
You feel better. The phantom hits you.
* * * LOW HITPOINT WARNING * * *
The phantom blinks!
You blink.
Casting: Blink (safe; 22% risk of failure)
Confirm with . or Enter, or press ? or * to list all spells.
You blink.
The phantom hits you.
* * * LOW HITPOINT WARNING * * *
The orc barely misses you. The orc barely misses you.
Press: ? - help, v - describe, . - travel
Here: an orc, wielding a +0 dagger and carrying a wand of flame (5)
The floor.
The phantom barely misses you.
The orc zaps a wand.
The puff of flame hits you!
You die...

### ## #.. .. ##################
#.# #. ........(........# #.# #.
#...#...#...#...### ##.##### #.
............o.....###......#####.
#...#...#...#...#.##...........#.
.............Wo.@....#.###.###.#.
#################......###.###...
.....######.# #######.#.......†#
###.........# ##.......#.#.###...
............###..####......# #.#.
.##.######..##..## ####.o..###.#.
<##.##...#..##.#####8###..o......
.##.##.........#...#_≈≈##..#.####
.##.##.....#.#....##..≈≈##...#


You could see a phantom and 2 orcs.

Vanquished Creatures
  Terence (D:2)
  An iguana (D:2)
  A hound skeleton (D:4)
  4 gnolls
  2 adders
  4 worms
  3 dart slugs
  4 orcs
  4 ball pythons
  13 endoplasms
  3 giant cockroaches (D:1)
  6 goblins
  6 hobgoblins
  8 jackals
  9 kobolds
  A quokka (D:1)
  9 bats
  2 frilled lizards
  A quokka skeleton (D:4)
  6 rats
88 creatures vanquished.

Notes
Turn   | Place    | Note
-------+----------+-------------------------------------------
     0 | D:1      | Atelerd the Octopode Earth Elementalist began the quest for
                  | the Orb.
     0 | D:1      | Reached XP level 1. HP: 11/11 MP: 3/3
   623 | D:1      | Reached XP level 2. HP: 8/17 MP: 1/5
  1091 | D:1      | Found a faded altar of an unknown god.
  1110 | D:1      | Reached XP level 3. HP: 14/21 MP: 4/6
  2017 | D:1      | Reached XP level 4. HP: 26/27 MP: 8/8
  2313 | D:2      | Noticed Terence
  3040 | D:2      | Learned a level 4 spell: Petrify
  3333 | D:2      | Reached skill level 4 in Earth Magic
  3333 | D:2      | Reached XP level 5. HP: 12/31 MP: 3/9
  3687 | D:2      | Killed Terence
  4395 | D:3      | Learned a level 2 spell: Blink
  4909 | D:3      | Found Wymexali's Antique Weapon Shoppe.
  5338 | D:4      | Found an ornate altar of the Wu Jian Council.
  5396 | D:4      | Reached XP level 6. HP: 30/36 MP: 11/11
  5555 | D:4      | Found an ancient bone altar of Kikubaaqudgha.
  5555 | D:4      | Found a shadowy altar of Dithmenos.
  5556 | D:4      | Found a radiant altar of Vehumet.
  5587 | D:4      | Found a blossoming altar of Fedhas.
  5610 | D:4      | Killed from afar by an orc

Illustrated notes

Levels and vault maps discovered:
D:1:      minmay_arrival_stone_box, layout_loops_ring,
          hellmonk_ecumenical_altar_arch_garden, minmay_heptomino_w4
D:2:      layout_rooms, serial_park_tiny_pond, uniq_terence
D:3:      layout_basic, serial_shops, nicolae_square_shop, chequers_garden
D:4:      layout_loops_ring, okawaru_altar_gauntlet_db,
          mainiacjoe_overflow_alcove_1, gammafunk_temple_overflow_claw,
          lemuel_coloured_pillars_altar, kennysheep_mini_moat

Skill      XL: |  1  2  3  4  5 |
---------------+----------------+-----
Transmutations | 2 3 |  3.3
Spellcasting   | 3 |  3.5
Earth Magic    | 4 |  4.4
Dodging        | |  2.0
Stealth        | |  2.6

Action                   |  1- 3 |  4- 6 || total
-------------------------+-------+-------++-------
Melee: Unarmed           |    22 |       ||    22
       Tentacles         |    16 |    12 ||    28
       Constrict         |    17 |    18 ||    35
       Dagger            |    56 |    81 ||   137
 Cast: Sandblast         |    29 |    56 ||    85
       Petrify           |       |     2 ||     2
       Blink             |       |     2 ||     2
  Use: Potion            |       |     1 ||     1
 Stab: Sleeping          |     7 |     8 ||    15
       Distracted        |       |     1 ||     1
       Petrified         |       |     8 ||     8
Armor: Skin              |    12 |     6 ||    18
Dodge: Dodged            |    54 |    63 ||   117
